 Dungeon Crawl Stone Soup version 0.22-a0-512-g0943f25 (webtiles) character file.

44 Amnesiac the Chopper (level 3, -1/31 HPs)
             Began as a Hill Orc Monk on June 18, 2018.
             Slain by an adder (4 damage)
             ... on level 4 of the Dungeon.
             The game lasted 00:01:56 (1040 turns).

Amnesiac the Chopper (Hill Orc Monk)                Turns: 1040, Time: 00:01:56

Health: -1/31      AC:  9    Str: 14    XL:     3   Next: 60%
Magic:  3/3        EV:  6    Int: 10    God:
Gold:   43         SH:  3    Dex: 13    Spells: 2/2 levels left

rFire    . . .     SeeInvis .   a - +0 hand axe
rCold    . . .     Gourm    .   g - +0 buckler
rNeg     . . .     Faith    .   i - +0 chain mail
rPois    .         Spirit   .   (no helmet)
rElec    .         Reflect  .   (no cloak)
rCorr    .         Harm     .   (no gloves)
MR       .....                  (no boots)
Stlth    ..........             (no amulet)
HPRegen  0.10/turn              (no ring)
MPRegen  0.08/turn              (no ring)

@: lethally poisoned (-1 -> -12)
A: no striking features
a: no special abilities


You were on level 4 of the Dungeon.
You were hungry.

You visited 1 branch of the dungeon, and saw 4 of its levels.

You collected 43 gold pieces.

Inventory:

Hand Weapons
 a - a +0 hand axe (weapon)
Armour
 b - a +0 robe
 g - a +0 buckler (worn)
 i - a +0 chain mail (worn)
Scrolls
 e - a scroll of blinking {!r, unknown}
 f - a scroll of amnesia {!r, unknown}
Potions
 h - 2 potions of curing {!q, unknown}
Comestibles
 c - 3 rations
 d - a chunk of flesh


   Skills:
 - Level 3.6 Fighting
 - Level 4.0 Axes
 + Level 3.4 Armour
 - Level 2.4 Dodging
 - Level 1.5 Stealth


You had 2 spell levels left.
You didn't know any spells.
Your spell library was empty.

Dungeon Overview and Level Annotations

Branches:
Dungeon (4/15)
 Temple: D:4-7

Altars:


Message History

The adder bites you.
You are poisoned.
The adder poisons you!
Your shield and chain mail prevent you from hitting the adder.
The adder is almost dead.
You feel sick. The adder bites you but does no damage. The adder bites you.
You closely miss the adder.
The adder is severely wounded.
You feel sick. The adder bites you but does no damage.
You closely miss the adder.
The adder is severely wounded.
The adder bites you.
You are more poisoned.
The adder poisons you! The adder bites you but does no damage.
You miss the adder.
The adder is severely wounded.
You feel sick. The adder bites you but does no damage.
Your chain mail prevents you from hitting the adder.
The adder is severely wounded.
You feel sick. The adder bites you but does no damage.
You closely miss the adder.
The adder is severely wounded.
You feel sick. The adder bites you. The adder bites you but does no damage.
You closely miss the adder.
The adder is severely wounded.
You feel sick. The adder bites you but does no damage.
You hit the adder but do no damage.
The adder is severely wounded.
You feel sick. You block the adder's attack.
The adder bites you but does no damage.
You hit the adder.
The adder is almost dead.
You feel sick. You block the adder's attack. The adder barely misses you.
Your chain mail prevents you from hitting the adder.
The adder is almost dead.
The adder bites you but does no damage.
You miss the adder.
The adder is almost dead.
You feel sick.
The adder bites you but does no damage. x2
You miss the adder.
The adder is severely wounded.
The adder bites you but does no damage.
You barely miss the adder.
The adder is severely wounded.
You feel sick. The adder bites you.
* * * LOW HITPOINT WARNING * * *
You closely miss the adder.
The adder is severely wounded.
You block the adder's attack. The adder bites you.
* * * LOW HITPOINT WARNING * * *
You are more poisoned.
The adder poisons you!
You completely miss the adder.
The adder is severely wounded.
* * * LOW HITPOINT WARNING * * *
You feel sick. The adder bites you.
* * * LOW HITPOINT WARNING * * *
You are more poisoned.
The adder poisons you!
You miss the adder.
The adder is severely wounded.
* * * LOW HITPOINT WARNING * * *
You feel sick. The adder bites you.
You die...

.##. # .... #
####. ... .#
......#.###.
. ..$.#....
..........#
#...#.#[..#.#
#...........#
...##.@#.###
#S##.# ...
..# #.... .##
#.##) . #.
#.#. . .. #
?#


You could see an adder.

Vanquished Creatures
  An adder (D:3)
  2 dart slugs
  2 leopard geckos (D:3)
  4 orcs (D:3)
  2 giant cockroaches
  2 goblins (D:3)
  2 hobgoblins
  A kobold (D:3)
  A quokka (D:3)
  3 bats
  A frilled lizard (D:2)
  3 rats
24 creatures vanquished.

Notes
Turn   | Place    | Note
-------+----------+-------------------------------------------
     0 | D:1      | Amnesiac the Hill Orc Monk began the quest for the Orb.
     0 | D:1      | Reached XP level 1. HP: 19/19 MP: 1/1
    38 | D:1      | Reached skill level 1 in Armour
   119 | D:2      | Reached XP level 2. HP: 26/26 MP: 2/2
   425 | D:3      | Reached XP level 3. HP: 27/31 MP: 3/3
  1040 | D:4      | Slain by an adder

Vault maps used:
D:1:      sevenhm_arrival_forest_fort_small_4
D:2:      nicolae_qazlal_style_of_elements
D:3:      lemuel_upstairs_altar
D:4:      first_ration, nicolae_tso_swordbearing_angel, uniq_grinder

Skill      XL: |  1  2  3 |
---------------+----------+-----
Armour         | 1 2 3 |  3.4
Fighting       | |  3.6
Axes           | |  4.0
Dodging        | |  2.4
Stealth        | |  1.5

Action                   || total
-------------------------++-------
Melee: Hand axe          ||   113
 Stab: Sleeping          ||     3
Armor: Robe              ||     2
       Chain mail        ||    46
Dodge: Dodged            ||    32
Block: Buckler           ||    11

Table legend:
 A = Spawn XP
 B = Non-spawn XP
 C = Spawn XP percentage of total XP
 D = Spawn monster count
 E = Non-spawn monster count
 F = Spawn count percentage of total count
 G = Total turns spent on level
                    A         B        C        D         E        F      G
               +---------+---------+-------+---------+---------+-------+---------
         Total |       0 |      63 |   0.0 |       0 |      24 |   0.0 |  1040
               +---------+---------+-------+---------+---------+-------+---------
           D:1 |       0 |       9 |   0.0 |       0 |       5 |   0.0 |   116
           D:2 |       0 |       4 |   0.0 |       0 |       3 |   0.0 |    57
           D:3 |       0 |      50 |   0.0 |       0 |      16 |   0.0 |   844
               +---------+---------+-------+---------+---------+-------+---------
